 Dungeon Crawl Stone Soup version 0.25-a0-697-g890751e744 (webtiles) character file.

Game seed: 10419766641571697927, levelgen mode: deterministic

986 Alarkh the Insei (level 7, -2/78 HPs)
             Began as a Demonspawn Monk on Apr 1, 2020.
             Was an Elder of Uskayaw.
             Slain by a gnoll
             ... wielding a +1 flail of holy wrath
              (7 damage)
             ... on level 6 of the Dungeon.
             The game lasted 00:09:54 (6562 turns).

Alarkh the Insei (Demonspawn Monk)                  Turns: 6562, Time: 00:09:54

Health: -2/78      AC:  6    Str: 11    XL:     7   Next: 97%
Magic:  7/7        EV:  9    Int: 13    God:    Uskayaw [****..]
Gold:   287        SH:  0    Dex: 16    Spells: 6/6 levels left

rFire    . . .     SeeInvis .     - Unarmed
rCold    . . .     Gourm    .   (no shield)
rNeg     . . .     Faith    .   n - +0 scale mail
rPois    .         Spirit   .   (helmet restricted)
rElec    .         Reflect  .   (no cloak)
rCorr    .         Harm     .   (no gloves)
MR       .....                  (no boots)
Stlth    ..........             w - amulet of magic regeneration
HPRegen  1.23/turn              (no ring)
MPRegen  0.35/turn              (no ring)

@: berserking, lethally poisoned (-2 -> -12), very quick
A: antennae 1, claws 1, powered by death 1, powered by pain 2
a: Stomp, Line Pass, Renounce Religion


You were on level 6 of the Dungeon.
You worshipped Uskayaw.
Uskayaw was noncommittal.
You were not hungry.

You visited 2 branches of the dungeon, and saw 7 of its levels.

You collected 287 gold pieces.

Inventory:

Hand Weapons
 a - a +0 falchion
 p - a +0 short sword of freezing
 s - the +1 dagger of Doubt {venom, Dex+4}
   (You found it on level 5 of the Dungeon)

   It poisons the flesh of those it strikes.
   It affects your dexterity (+4).
Armour
 b - a +0 robe
 n - a +0 scale mail (worn)
Jewellery
 w - an amulet of magic regeneration (around neck)
Scrolls
 d - 4 scrolls of remove curse {unknown}
 e - 2 scrolls of blinking {unknown}
 f - 2 scrolls of enchant weapon {unknown}
 g - 5 scrolls of identify {unknown}
 i - a scroll of magic mapping {unknown}
 j - a scroll of random uselessness {unknown}
 k - 2 scrolls of teleportation {unknown}
 l - a scroll of noise {unknown}
 m - 3 scrolls of immolation {unknown}
 o - 5 scrolls of amnesia {unknown}
 t - a scroll of fog {unknown}
Potions
 h - a potion of heal wounds {unknown}
Comestibles
 c - 10 rations


   Skills:
 - Level 3.0 Fighting
 - Level 4.6 Long Blades
 - Level 2.6 Dodging
 - Level 1.7 Stealth
 + Level 7.4 Unarmed Combat


You had 6 spell levels left.
You didn't know any spells.
Your spell library contained the following spells:

 Spells                   Type           Power        Failure   Level  Hunger
 Magic Dart               Conj           #...         89%         1    ##.....
 Blink                    Tloc           N/A          96%         2    ###....
 Call Imp                 Summ           #.......     96%         2    ###....
 Slow                     Hex            #.......     96%         2    ###....
 Conjure Flame            Conj/Fire      #.......     99%         3    ####...
 Mephitic Cloud           Conj/Pois/Air  #.......     99%         3    ####...


Dungeon Overview and Level Annotations

Branches:
Dungeon (6/15)             Temple (1/1) D:5

Altars:
Ashenzari
Cheibriados
Dithmenos
Elyvilon
Fedhas
Gozag
Hepliaklqana
Kikubaaqudgha
Makhleb
Nemelex Xobeh
Okawaru
Qazlal
Ru
Sif Muna
Trog
Uskayaw
Vehumet
Wu Jian
Xom
Yredelemnul
Zin
The Shining One

Shops:
D:6 %


Innate Abilities, Weirdness & Mutations

You have a pair of small antennae on your head.
You have sharp fingernails.
You regenerate a little health from kills.
You sometimes gain power by taking damage.


Message History

The gnoll hits you with a +1 flail of holy wrath.
* * * LOW HITPOINT WARNING * * *
You convulse.
* * * LOW HITPOINT WARNING * * *
The gnoll hits you with a +0 spear.
* * * LOW HITPOINT WARNING * * *
You see here a +0 whip.
You are too berserk!
You claw the gnoll!
The gnoll is almost dead.
* * * LOW HITPOINT WARNING * * *
You feel sick.
Uskayaw will force your foes to share their pain.
Uskayaw links your audience in an emotional bond!
You claw the gnoll!
You kill the gnoll!
* * * LOW HITPOINT WARNING * * *
You feel sick.
The gnoll hits you with a +1 flail of holy wrath!
You die...

..............#...#
#####.#.########### #
#...# # #.∩.# #
#.....# ### ###.###.#
..##### .##. ..#
#g#)..# .## .##
##g#.#.# .# [
#.)@)#.#
.##################.#
....................#
##..#################
##..# ....# ....#
#####


You could see 2 gnolls.

Vanquished Creatures
  Grinder (D:6)
  2 ice beasts
  A gnoll sergeant (D:6)
  A bullfrog (D:2)
  A scorpion (D:5)
  2 howler monkeys
  A crimson imp (D:6)
  A jelly (D:6)
  2 orc wizards (D:5)
  An iguana (D:6)
  A worker ant (D:6)
  A hound zombie (D:5)
  3 gnolls (D:6)
  6 adders
  An ooze (D:4)
  An adder skeleton (D:5)
  3 worms
  3 dart slugs
  7 leopard geckos
  9 orcs
  5 bats
  3 giant cockroaches
  2 gnoll zombies (D:2)
  4 goblins
  5 hobgoblins
  2 quokkas
  5 frilled lizards
  A jackal skeleton (D:4)
  10 kobolds
  A leopard gecko skeleton (D:5)
  2 quokka skeletons
  4 rats
92 creatures vanquished.

Vanquished Creatures (others)
  A giant cockroach (D:1)
  A frilled lizard (D:1)
2 creatures vanquished.

Grand Total: 94 creatures vanquished

Notes
Turn   | Place    | Note
-------+----------+-------------------------------------------
     0 | D:1      | Alarkh the Demonspawn Monk began the quest for the Orb.
     0 | D:1      | Reached XP level 1. HP: 18/18 MP: 1/1
   312 | D:1      | Gained mutation: You regenerate a little health from kills.
                  | [demonic ancestry]
   312 | D:1      | Reached XP level 2. HP: 19/24 MP: 2/2
   974 | D:2      | Noticed a bullfrog
  1002 | D:2      | Killed a bullfrog
  1002 | D:2      | Gained mutation: You have sharp fingernails. [demonic
                  | ancestry]
  1002 | D:2      | Reached XP level 3. HP: 21/29 MP: 3/3
  1002 | D:2      | Reached XP level 4. HP: 25/35 MP: 4/4
  1156 | D:2      | Reached skill level 1 in Unarmed Combat
  1512 | D:2      | Found a basalt altar of Yredelemnul,
  1795 | D:3      | Noticed Grinder
  1800 | D:3      | Paralysed by Grinder for 7 turns
  1833 | D:2      | Reached skill level 2 in Unarmed Combat
  1833 | D:2      | Gained mutation: You sometimes gain a little power by
                  | taking damage. [demonic ancestry]
  1833 | D:2      | Reached XP level 5. HP: 9/41 MP: 5/5
  2380 | D:4      | Reached skill level 3 in Unarmed Combat
  3295 | D:5      | Entered Level 5 of the Dungeon
  3364 | D:5      | Gained mutation: You sometimes gain power by taking damage.
                  | [demonic ancestry]
  3364 | D:5      | Reached XP level 6. HP: 30/47 MP: 6/6
  3381 | D:5      | Found a staircase to the Ecumenical Temple,
  3491 | Temple   | Entered the Ecumenical Temple
  3740 | Temple   | Became a worshipper of Uskayaw the Reveler
  3740 | Temple   | Reached * piety under Uskayaw
  3799 | D:5      | Reached ** piety under Uskayaw
  3802 | D:5      | Reached skill level 4 in Unarmed Combat
  3972 | D:5      | Reached *** piety under Uskayaw
  3994 | D:5      | Noticed an ice beast
  4010 | D:5      | Killed an ice beast
  4010 | D:5      | Reached skill level 5 in Unarmed Combat
  4693 | D:5      | Got a steaming dagger
  4694 | D:5      | Identified the +1 dagger of Doubt {venom, Dex+4} (You found
                  | it on level 5 of the Dungeon)
  5530 | D:6      | Gained mutation: You have a pair of small antennae on your
                  | head. [demonic ancestry]
  5530 | D:6      | Reached XP level 7. HP: 48/52 MP: 7/7
  5953 | D:6      | Paralysed by Grinder for 2 turns
  5968 | D:6      | Killed Grinder
  5968 | D:6      | Reached skill level 6 in Unarmed Combat
  6438 | D:6      | Found Xubbiykh's Food Shop,
  6480 | D:6      | Reached skill level 7 in Unarmed Combat
  6561 | D:6      | Reached **** piety under Uskayaw
  6562 | D:6      | Slain by a gnoll

Levels and vault maps discovered:
D:1:      elethiomel_arrival_infinity_welcomes_careful_drivers,
          layout_loops_corners, lemuel_old_faithful
D:2:      layout_basic, lemuel_zombie_altar_yredelemnul
D:3:      layout_loops_ring, first_ration, uniq_grinder
D:4:      layout_basic
D:5:      cheibrodos_barr_body, layout_basic, minmay_temple_entry_offerings
D:6:      layout_basic, serial_corexii_hall, corexii_hall_statues_deadend,
          corexii_hall_statues_l, serial_shops, nicolae_shop_stone
Temple:   minmay_crystal_snake_temple

Skill      XL: |  1  2  3  4  5  6  7 |
---------------+----------------------+-----
Long Blades    | 3 4 |  4.6
Unarmed Combat | 2 3 5 7 |  7.4
Fighting       | |  3.0
Dodging        | |  2.6
Stealth        | |  1.7

Action                   |  1- 3 |  4- 6 |  7- 9 || total
-------------------------+-------+-------+-------++-------
Melee: Falchion          |    61 |   175 |       ||   236
       Short sword       |       |   102 |       ||   102
       Dagger            |       |    37 |    45 ||    82
       Punch             |       |     2 |     1 ||     3
       Unarmed           |       |       |    12 ||    12
  Use: Potion            |     2 |     1 |     5 ||     8
 Stab: Paralysed         |       |     1 |     1 ||     2
  Eat: Chunk             |       |    11 |       ||    11
       Ration            |       |     1 |     1 ||     2
Armor: Robe              |     7 |       |       ||     7
       Skin              |    21 |     6 |       ||    27
       Scale mail        |     4 |   109 |    17 ||   130
Dodge: Dodged            |    50 |   133 |    18 ||   201
       Rpst.: Falchion   |    17 |    24 |       ||    41

Table legend:
 A = Non-vault XP
 B = Vault XP
 C = Vault XP percentage of total XP
 D = Non-vault monster count
 E = Vault monster count
 F = Vault count percentage of total count
                 A         B        C        D         E       F
            +---------+---------+-------+---------+---------+-------
      Total |     882 |     527 |  37.4 |      83 |       9 |   9.8
            +---------+---------+-------+---------+---------+-------
        D:1 |      26 |       0 |   0.0 |      13 |       0 |   0.0
        D:2 |     165 |       3 |   1.8 |      25 |       2 |   7.4
        D:3 |      39 |       0 |   0.0 |      15 |       0 |   0.0
        D:4 |     103 |       0 |   0.0 |      10 |       0 |   0.0
        D:5 |     129 |     266 |  67.3 |      10 |       6 |  37.5
        D:6 |     420 |     258 |  38.1 |      10 |       1 |   9.1
            +---------+---------+-------+---------+---------+-------
